 Dungeon Crawl Stone Soup version 0.30-a0-458-g86641cc369 (webtiles) character file.

Game seed: 9533947270230272666

23 p00ps00p the Trooper (level 2, 0/27 HPs)
             Began as a Hill Orc Fighter on Dec 15, 2022.
             Slain by a gnoll
             ... wielding a +0 spear
              (2 damage)
             ... on level 2 of the Dungeon.
             The game lasted 00:00:57 (833 turns).

p00ps00p the Trooper (Hill Orc Fighter)              Turns: 833, Time: 00:00:57

Health: 0/27       AC: 10    Str: 18    XL:     2   Next: 95%
Magic:  2/2        EV:  9    Int:  8    God:
Gold:   55         SH:  4    Dex: 10    Spells: 1/1 levels left

rFire   . . .      SeeInvis .    a - +0 war axe
rCold   . . .      Faith    .    c - +0 buckler
rNeg    . . .      Spirit   .    b - +0 scale mail
rPois   .          Reflect  .    (no helmet)
rElec   .          Harm     .    (no cloak)
rCorr   .          Rampage  .    (no gloves)
Will    .....                    h - +2 pair of boots
Stlth   ..........               (no amulet)
HPRegen 0.24/turn                (no ring)
MPRegen 0.08/turn                (no ring)

@: no status effects
A: no striking features
a: no special abilities


You were on level 2 of the Dungeon.
You visited 1 branch of the dungeon, and saw 2 of its levels.

You collected 55 gold pieces.

Inventory:

Hand Weapons
 a - a +0 war axe (weapon)
Armour
 b - a +0 scale mail (worn)
 c - a +0 buckler (worn)
 h - a +2 pair of boots (worn)
Scrolls
 i - a scroll of torment
 j - a scroll of fog
Potions
 d - a potion of might
 e - a potion of lignification
 f - 2 potions of flight


   Skills:
 + Level 4.0 Fighting
 + Level 3.2 Axes
 + Level 3.6 Armour
 + Level 3.6 Shields


You had one spell level left.
You didn't know any spells.
Your spell library contained the following spells:

 Spells                   Type           Power      Damage    Failure   Level
 Sublimation of Blood     Necr           0%         N/A       95%         2
 Wereblood                Tmut           0%         N/A       95%         2
 Ignite Poison            Fire/Tmut/Pois 0%         N/A       99%         3
 Kindle Blastsparks       Fire/Tloc/Air  0%         2d10      99%         3
 Freezing Cloud           Conj/Ice/Air   0%         6-21      100%        5
 Summon Hydra             Summ           0%         N/A       100%        7


Dungeon Overview and Level Annotations

Branches:
Dungeon (2/15)

Altars:


Message History

You slash the gnoll!
You kill the gnoll!
The gnoll hits you from afar with a +0 spear.
The gnoll hits you from afar with a +0 halberd.
Your Fighting skill increases to level 4!
Unknown command.
Found a stone staircase leading up.
The gnoll hits you but does no damage. The gnoll hits you with a +0 halberd.
You see here a +0 club.
You slash the gnoll!
The gnoll is almost dead.
You hit the gnoll. You block the gnoll's attack.
The gnoll hits you with a +0 spear.
Unknown command.
You are too injured to fight recklessly!
Unknown command.
You are too injured to fight recklessly!
Unknown command.
You are too injured to fight recklessly!
Unknown command.
You are too injured to fight recklessly!
Unknown command.
You are too injured to fight recklessly!
Unknown command.
You are too injured to fight recklessly!
You hit the gnoll.
The gnoll is almost dead.
You hit the gnoll. The gnoll hits you but does no damage.
The gnoll hits you with a +0 halberd. The gnoll hits you with a +0 spear.
The gnoll hits you with a +0 halberd.
You closely miss the gnoll.
The gnoll is almost dead.
You hit the gnoll. The gnoll hits you with a +0 halberd!
* * * LOW HITPOINT WARNING * * *
You block the gnoll's attack.
You hit the gnoll.
You kill the gnoll!
You barely miss the gnoll. The bat hits you but does no damage. x2
The gnoll hits you with a +0 spear.
You die...

#..........#
#..........#
##........##
#........##
..........##
...........###
.?..........#
.........##.######
............@b...#
........#####g......
......... g......
..######. .......
....... .......
......< .......


You could see 2 gnolls and a bat.

Vanquished Creatures
  2 gnolls (D:2)
  3 endoplasms
  2 hobgoblins (D:1)
  2 jackals (D:2)
  A quokka (D:1)
  A frilled lizard (D:1)
  A goblin (D:1)
  2 rats (D:1)
14 creatures vanquished.

Notes
Turn   | Place    | Note
-------+----------+-------------------------------------------
     0 | D:1      | p00ps00p the Hill Orc Fighter began the quest for the Orb.
     0 | D:1      | Reached XP level 1. HP: 19/19 MP: 1/1
   568 | D:1      | Found a faded altar of an unknown god.
   625 | D:1      | Reached XP level 2. HP: 27/27 MP: 2/2
   829 | D:2      | Reached skill level 4 in Fighting
   833 | D:2      | Slain by a gnoll

Illustrated notes

Levels and vault maps discovered:
D:1:      dpeg_arrival_snail, layout_basic, basic_ecumenical_altar,
          serial_bayou_pond_a, minmay_pentomino_z2
D:2:      layout_rooms

Skill      XL: |  1  2 |
---------------+-------+-----
Axes           | 3 |  3.2
Fighting       | 4 |  4.0
Armour         | |  3.6
Shields        | |  3.6

Action                   || total
-------------------------++-------
Melee: War axe           ||    46
  Use: Scroll            ||     4
Armor: Scale mail        ||    25
Dodge: Dodged            ||    22
Block: Buckler           ||    16

Table legend: (Time is in decaauts)
 A = Elapsed time spent in this place.
 B = Non-inter-level travel time spent in this place.
 C = Inter-level travel time spent in this place.
 D = Time resting spent in this place.
 E = Time spent auto-exploring this place.
 F = Levels seen in this place.
 G = Mean time per level.
                   A        B        C        D        E       F      G
               +--------+--------+--------+--------+--------+-----+--------+
         Total |    850 |    833 |     17 |      0 |    701 |   2 |  425.0 |
       Dungeon |    850 |    833 |     17 |      0 |    701 |   2 |  425.0 |
               +--------+--------+--------+--------+--------+-----+--------+

Top non-repeatable levels by time:
     D:1: 810 daAuts
     D:2: 40 daAuts
